 Dungeon Crawl Stone Soup version 0.28-a0-258-g8de209e91f (webtiles) character file.

Game seed: 2570738486913540184

163 SeanNever the Chopper (level 5, -1/45 HPs)
             Began as a Minotaur Gladiator on Aug 26, 2021.
             Was a Believer of Nemelex Xobeh.
             Slain by a wraith (10 damage)
             ... on level 6 of the Dungeon.
             The game lasted 00:11:00 (1254 turns).

SeanNever the Chopper (Minotaur Gladiator)          Turns: 1254, Time: 00:11:07

Health: -1/45      AC:  7    Str: 20 (21) XL:     5   Next: 20%
Magic:  4/4        EV: 12    Int:  3 (5)  God:    Nemelex Xobeh [**....]
Gold:   86         SH:  0    Dex:  9 (12) Spells: 4/4 levels left

rFire   . . .      SeeInvis +   o - +2 short sword (venom)
rCold   . . .      Faith    .   (no shield)
rNeg    . . .      Spirit   .   p - +0 robe
rPois   .          Reflect  .   c - +0 hat
rElec   .          Harm     .   (no cloak)
rCorr   .          Rampage  .   f - +2 pair of gloves
Will    .....                   (no boots)
Stlth   +.........              (no amulet)
HPRegen 0.15/turn               (no ring)
MPRegen 0.09/turn               (no ring)

@: slowed, very slow
A: horns 2, retaliatory headbutt, beak, iridescent scales 1, see invisible,
strong 1
a: Renounce Religion, Draw Escape, Draw Destruction, Draw Summoning


You were on level 6 of the Dungeon.
You worshipped Nemelex Xobeh.
Nemelex Xobeh was pleased with you.
You visited 1 branch of the dungeon, and saw 4 of its levels.

You collected 114 gold pieces.
You spent 28 gold pieces at shops.

Inventory:

Hand Weapons
 a - a +0 war axe
 h - a +0 long sword
 o - a +2 short sword of venom (weapon)
Missiles
 d - 3 throwing nets (quivered)
Armour
 b - a +0 leather armour
 c - a +0 hat (worn)
 e - a +0 ring mail
 f - a +2 pair of gloves (worn)
 n - a +0 scale mail
 p - a +0 robe (worn)
Scrolls
 g - 2 scrolls of silence {unknown}
 k - 3 scrolls of noise {unknown}
 m - a scroll of identify
 q - a scroll of brand weapon {unknown}
Potions
 j - a potion of heal wounds {unknown}


   Skills:
 + Level 3.1 Fighting
 + Level 0.6 Short Blades
 + Level 5.1 Axes
 + Level 2.3 Throwing
 + Level 2.3 Armour
 + Level 4.3 Dodging
 + Level 0.1 Stealth


You had 4 spell levels left.
You didn't know any spells.
Your spell library was empty.

Dungeon Overview and Level Annotations

Branches:
Dungeon (3/15)

Altars:
Nemelex Xobeh

Shops:
D:2 ?


Innate Abilities, Weirdness & Mutations

You have a pair of horns on your head.
You reflexively headbutt those who attack you in melee.
You have a beak for a mouth.
You are partially covered in iridescent scales. (AC +2)
You have supernaturally acute eyesight. (SInv)
Your muscles are strong. (Str +2)


Message History

The wraith barely misses you.
You barely miss the wraith. You headbutt the wraith.
The wraith is heavily damaged.
The wraith hits you!
You hit the wraith but do no damage.
The wraith is heavily damaged.
The wraith barely misses you.
You closely miss the wraith.
The wraith is heavily damaged.
The wraith hits you.
You hit the wraith. Your headbutt misses the wraith.
The wraith is severely damaged.
The wraith hits you! The wraith hits you.
You barely miss the wraith.
The wraith is severely damaged.
The wraith hits you. The wraith drains your vigour!
You feel yourself slow down.
You barely miss the wraith.
The wraith is severely damaged.
The wraith hits you. The wraith drains your vigour!
You feel as though you will be slow longer.
You hit the wraith but do no damage. Your headbutt misses the wraith.
The wraith is severely damaged.
The wraith hits you.
* * * LOW HITPOINT WARNING * * *
The wraith hits you.
* * * LOW HITPOINT WARNING * * *
The wraith drains your vigour!
You feel as though you will be slow longer.
It was a potion of degeneration.
There was something very wrong with that liquid.
You feel weakened.
You feel dopey.
You feel clumsy. The wraith misses you.
It was a potion of mutation.
You feel extremely strange.
Your mouth lengthens and hardens into a beak!
You feel stronger.
Your vision sharpens.
Iridescent scales grow over part of your body.
The wraith hits you!
You die...
Your body disappears without a glow.

# #.###
####......
######....#
#####....#W####
#......#.#@#
...######.#.# .
#.....#.#
#.#####.#
#.......#
#########


You could see a wraith.

Vanquished Creatures
  A bullfrog (D:6)
  A hound (D:6)
  3 adders
  5 ball pythons
  A bat (D:2)
  6 endoplasms
  A giant cockroach (D:2)
  A goblin (D:2)
  4 hobgoblins
  4 jackals (D:1)
  3 kobolds
  3 quokkas
  A frilled lizard (D:1)
  5 rats
39 creatures vanquished.

Vanquished Creatures (others)
  7 plants (D:3)
7 creatures vanquished.

Grand Total: 46 creatures vanquished

Notes
Turn   | Place    | Note
-------+----------+-------------------------------------------
     0 | D:1      | SeanNever the Minotaur Gladiator began the quest for the
                  | Orb.
     0 | D:1      | Reached XP level 1. HP: 18/18 MP: 0/0
    76 | D:1      | Reached XP level 2. HP: 22/25 MP: 1/1
   133 | D:1      | Found a faded altar of an unknown god.
   144 | D:1      | Became a worshipper of Nemelex Xobeh the Trickster
   144 | D:1      | Reached * piety under Nemelex Xobeh
   210 | D:1      | Received a gift from Nemelex Xobeh
   238 | D:1      | Reached skill level 4 in Axes
   421 | D:2      | Reached XP level 3. HP: 20/30 MP: 2/2
   611 | D:2      | Found Hookaulysu's Magic Scroll Shop.
   666 | D:2      | Bought a scroll of identify for 28 gold pieces
   880 | D:1      | Reached ** piety under Nemelex Xobeh
  1174 | D:3      | Reached XP level 4. HP: 35/37 MP: 3/3
  1193 | D:3      | You fall into a shaft and drop 3 floors!
  1216 | D:6      | Noticed a bullfrog
  1220 | D:6      | Killed a bullfrog
  1221 | D:6      | Reached skill level 5 in Axes
  1238 | D:6      | Noticed a wraith
  1240 | D:6      | Reached XP level 5. HP: 45/45 MP: 4/4
  1254 | D:6      | Gained mutation: You have a beak for a mouth. [potion of
                  | mutation]
  1254 | D:6      | Gained mutation: Your muscles are strong. (Str +2) [potion
                  | of mutation]
  1254 | D:6      | Gained mutation: You have supernaturally acute eyesight.
                  | (SInv) [potion of mutation]
  1254 | D:6      | Gained mutation: You are partially covered in iridescent
                  | scales. (AC +2) [potion of mutation]
  1254 | D:6      | Slain by a wraith

Illustrated notes

Levels and vault maps discovered:
D:1:      lemuel_arrival_river_ford, layout_loops_ring,
          hellmonk_ecumenical_altar_arch_garden, minmay_misc_feat_rugged
D:2:      layout_basic, serial_shops, shop, minmay_misc_feat_enclosed
D:3:      wad_lake_hut, layout_basic, serial_glass, glass_columns_a,
          glass_columns_b, feat_on_display, feat_on_display, item_on_display_a,
          minmay_strange_pillars, grunt_decor_resistance,
          amcnicky_mini_pool_small
D:6:      layout_basic, mainiacjoe_overflow_catch_the_wave, uniq_menkaure

Skill      XL: |  1  2  3  4 |
---------------+-------------+-----
Axes           | 4 5 |  5.1
Dodging        | 4 |  4.3
Fighting       | 3 |  3.1
Armour         | 2 |  2.3
Short Blades   | |  0.6
Throwing       | |  2.3
Stealth        | |  0.1

Action                   |  1- 3 |  4- 6 || total
-------------------------+-------+-------++-------
Melee: War axe           |    29 |       ||    29
       Long sword        |     7 |       ||     7
       Headbutt          |     8 |     3 ||    11
       Short sword       |    17 |    17 ||    34
  Use: Potion            |     3 |     2 ||     5
Armor: Ring mail         |    15 |       ||    15
       Scale mail        |    18 |       ||    18
       Robe              |     1 |     1 ||     2
Dodge: Dodged            |    59 |    14 ||    73

Table legend: (Time is in decaauts)
 A = Elapsed time spent in this place.
 B = Non-inter-level travel time spent in this place.
 C = Inter-level travel time spent in this place.
 D = Time resting spent in this place.
 E = Time spent auto-exploring this place.
 F = Levels seen in this place.
 G = Mean time per level.
                   A        B        C        D        E       F      G
               +--------+--------+--------+--------+--------+-----+--------+
         Total |   1255 |   1237 |     18 |      0 |      0 |   4 |  313.8 |
       Dungeon |   1255 |   1237 |     18 |      0 |      0 |   4 |  313.8 |
               +--------+--------+--------+--------+--------+-----+--------+

Top non-repeatable levels by time:
     D:1: 592 daAuts
     D:2: 375 daAuts
     D:3: 223 daAuts
     D:6: 64 daAuts
